 Dungeon Crawl Stone Soup version 0.30-a0-297-g0ec75d9ef4 (webtiles) character file.

Game seed: 7164058990328796214

167537 purpskrrrp the Executioner (level 17, -16/161 HPs)
             Began as a Minotaur Fighter on Oct 19, 2022.
             Was the Champion of Cheibriados.
             Killed from afar by a lindwurm (32 damage)
             ... with a blast of flame
             ... summoned by Kirke
             ... on level 3 of the Swamp.
             The game lasted 01:19:53 (28186 turns).

purpskrrrp the Executioner (Minotaur Fighter)      Turns: 28186, Time: 01:19:54

Health: -16/161    AC: -12   Str: 41    XL:     17   Next: 31%
Magic:  0/26       EV: 19    Int: 20    God:    Cheibriados [******]
Gold:   853        SH:  8    Dex: 28    Spells: 16/16 levels left

rFire   . . .      SeeInvis .    (weapon currently unavailable)
rCold   . . .      Faith    .    (shield currently unavailable)
rNeg    . . .      Spirit   +    (body armour currently unavailable)
rPois   .          Reflect  .    (helmet currently unavailable)
rElec   .          Harm     .    (cloak currently unavailable)
rCorr   .          Rampage  .    (gloves currently unavailable)
Will    +....                    (boots currently unavailable)
Stlth   ++........               k - brooch of Shielding {Spirit SH+8}
HPRegen 0.46/turn                (ring currently unavailable)
MPRegen 0.20/turn                (ring currently unavailable)

@: pig-form, corroded, studying 2 skills, very slow
A: fast, no casting, small, (horns 2), (retaliatory headbutt), (talons 1), wild
magic 1
a: Renounce Religion, Bend Time, Temporal Distortion, Slouch, Step From Time


You were on level 3 of the Swamp.
You worshipped Cheibriados.
Cheibriados was exalted by your worship.
You were a filthy swine.
You visited 5 branches of the dungeon, and saw 27 of its levels.
You visited 1 bazaar.
You also visited: Ice Cave and Volcano.

You collected 3115 gold pieces.
You spent 2262 gold pieces at shops.

Inventory:

Hand Weapons
 j - a +2 spectral broad axe (melded)
 n - a +0 executioner's axe of flaming
 F - a +2 morningstar of holy wrath
Missiles
 b - 3 curare-tipped darts
 z - 3 throwing nets (quivered)
Armour
 h - a +2 cloak of cold resistance (melded)
 p - the +8 chain mail of Winter (melded) {Int+4}
   (You found it on level 6 of the Dungeon)

   Int:       It affects your intelligence (+4).
 x - a +2 pair of gloves of infusion (melded)
 L - the +1 pair of boots of Miracles (melded) {rF+ rC+ Dex+2}
   (You bought it in a shop on level 2 of the Orcish Mines)

   Dex:       It affects your dexterity (+2).
   rF:        It protects you from fire.
   rC:        It protects you from cold.
 V - a +2 tower shield
 W - the +5 kite shield of Exclusion (melded) {Fly rCorr}
   (You found it on level 13 of the Dungeon)

   Fly:       It grants you flight.
   rCorr:     It protects you from acid and corrosion.
Jewellery
 a - a +6 ring of intelligence
 d - an amulet of guardian spirit
 e - an amulet of regeneration
 k - the brooch of Shielding (around neck) {Spirit SH+8}
   (You bought it in a shop on level 2 of the Elven Halls)

   [amulet of guardian spirit]

   It causes incoming damage to be divided between your reserves of health and
   magic.
   SH:        It affects your SH (+8).
 o - the ring of Departure (melded) {Fly rElec rC+ SInv}
   (You acquired it on level 6 of the Dungeon)

   [ring of see invisible]

   rC:        It protects you from cold.
   rElec:     It insulates you from electricity.
   SInv:      It lets you see invisible.
   Fly:       It grants you flight.
 A - a ring of positive energy
 K - a +4 ring of evasion (melded)
Wands
 r - a wand of mindburst (25)
 s - a wand of digging (3)
 t - a wand of polymorph (14)
 D - a wand of iceblast (32)
 E - a wand of acid (14)
 G - a wand of flame (26)
Scrolls
 g - 3 scrolls of butterflies
 i - 2 scrolls of amnesia
 y - 15 scrolls of identify
 O - 3 scrolls of teleportation
Potions
 f - 10 potions of curing
 q - 2 potions of brilliance
 u - 2 potions of cancellation
 H - 4 potions of might
 P - 3 potions of berserk rage
 Q - 4 potions of ambrosia
 R - 2 potions of heal wounds
 S - a potion of mutation
Miscellaneous
 N - a phantom mirror


   Skills:
 + Level 17.2 Fighting
 * Level 23.1(23.2) Axes
 - Level 2.8(15.6) Maces & Flails
 - Level 13.3 Armour
 - Level 5.2 Dodging
 + Level 13.4 Shields
 + Level 13.5 Invocations


You had 16 spell levels left.
You didn't know any spells.
Your spell library contained the following spells:

 Spells                   Type           Power      Damage    Failure   Level
 Kiss of Death            Conj/Necr      0%         2d5       26%         1
 Magic Dart               Conj           0%         1d3       26%         1
 Necrotise                Necr           0%         1d4       26%         1
 Summon Small Mammal      Summ           0%         N/A       26%         1
 Cigotuvi's Dreadful Rot  Necr/Pois/Air  0%         N/A       36%         2
 Passwall                 Tmut/Erth      0%         N/A       36%         2
 Poisonous Vapours        Pois/Air       0%         N/A       36%         2
 Static Discharge         Conj/Air       0%         2-2/arc   36%         2
 Sublimation of Blood     Necr           0%         N/A       36%         2
 Call Canine Familiar     Summ           0%         N/A       58%         3
 Confusing Touch          Hex            0%         N/A       58%         3
 Frozen Ramparts          Ice            0%         1d1       58%         3
 Gell's Gravitas          Tloc           0%         N/A       58%         3
 Inner Flame              Hex/Fire       0%         N/A       58%         3
 Mephitic Cloud           Conj/Pois/Air  0%         N/A       58%         3
 Ozocubu's Armour         Ice            0%         N/A       58%         3
 Summon Guardian Golem    Hex/Summ       0%         N/A       58%         3
 Teleport Other           Tloc           0%         N/A       58%         3
 Animate Armour           Summ/Erth      0%         N/A       92%         4
 Dispel Undead            Necr           0%         3d6       92%         4
 Flame Wave               Conj/Fire      0%         2d4       92%         4
 Ice Form                 Ice/Tmut       0%         N/A       92%         4
 Sticky Flame             Conj/Fire      0%         2d3       92%         4
 Summon Ice Beast         Ice/Summ       0%         N/A       92%         4
 Summon Lightning Spire   Summ/Air       0%         N/A       92%         4
 Summon Forest            Summ/Tloc      0%         N/A       99%         5
 Summon Mana Viper        Hex/Summ       0%         N/A       99%         5
 Dispersal                Tloc           0%         N/A       100%        6
 Summon Cactus Giant      Summ           0%         N/A       100%        6
 Malign Gateway           Summ/Tloc      0%         N/A       100%        7
 Ozocubu's Refrigeration  Ice            0%         4d7       100%        7
 Fire Storm               Conj/Fire      0%         5d1       100%        9


Dungeon Overview and Level Annotations

Branches:
Dungeon (15/15)            Temple (0/1) D:6            Lair (5/5) D:10
  Swamp (3/4) Lair:2        Snake (0/4) Lair:3        Slime (0/5) Lair:4
    Orc (2/2) D:9             Elf (2/3) Orc:2        Vaults (0/5) D:13
 Depths (0/4) D:15          IceCv (visited)         Volcano (visited)

Altars:
Cheibriados
Dithmenos
Elyvilon
Fedhas
Uskayaw
Xom

Shops:
D:3 !   D:5 [   D:15 *?*   Orc:1 ***   Orc:2 *=([*   Elf:1 =:::   Elf:2 =*(*

Annotations:
D:3 1 transporter
D:8 2 runed translucent doors
D:10 4 runed translucent doors
D:13 1 runed translucent door
D:14 1 runed translucent door, baller8008's ghost, journeyman HOMo
Swamp:3 Kirke
Elf:2 3 runed translucent doors


Innate Abilities, Weirdness & Mutations

You are a filthy swine.
You move quickly.
Your equipment is almost entirely melded.
You are incapable of wielding weapons or throwing items.
You cannot cast spells.
((You have a pair of horns on your head.))
((You reflexively headbutt those who attack you in melee.))
((You have sharp toenails.))
Your spells are a little harder to cast, but a little more powerful.


Message History

The hog splashes around in the water.
You block the lindwurm's attack. The lindwurm claws you!
* * * LOW HITPOINT WARNING * * *
The lindwurm claws you.
* * * LOW HITPOINT WARNING * * *
The goliath frog hits you from afar.
* * * LOW HITPOINT WARNING * * *
The acid corrodes you!
You are splashed with acid.
* * * LOW HITPOINT WARNING * * *
You see here a hog corpse.
As you read the scroll of fear, it crumbles to dust.
You assume a fearsome visage.
Kirke looks frightened!
The hog looks frightened! x3
The lindwurm looks frightened!
The hog looks frightened!
The goliath frog looks frightened!
The bunyip looks frightened!
Kirke mumbles some strange words.
Kirke flickers and vanishes!
Deactivating autopickup; reactivate with Ctrl-A.
Cornered, the goliath frog turns to fight!
The lindwurm seems to regain its courage.
You enter the shallow water.
Moving in this stuff is going to be slow.
You feel much better. The lindwurm breathes flames at you.
The blast of flame hits you!!
* * * LOW HITPOINT WARNING * * *
You block the goliath frog's attack. The goliath frog closely misses you.
The goliath frog hits you from afar.
* * * LOW HITPOINT WARNING * * *
You are splashed with acid!
* * * LOW HITPOINT WARNING * * *
The lindwurm is engulfed in a cloud of scalding steam.
The goliath frog closely misses you.
You feel much better. The goliath frog hits you from afar!
* * * LOW HITPOINT WARNING * * *
The acid corrodes you!
You are splashed with acid!
* * * LOW HITPOINT WARNING * * *
You hear a splashing noise.
The lindwurm breathes flames at you.
The blast of flame hits something!!!
The blast of flame hits you!!
You die...

......♣♣♣♣~.....♣♣
..#......♣♣.~..♣♣
.......#.......♣♣
.##..#..()...~~~♣ ***
.##..###..~..♣~♣♣ **,******
...........♣♣♣♣♣ **,~,,,,,,
.....♣.~.~....♣♣♣♣ *,.~,*****
..~.~.~...♣♣.....♣♣♣♣♣♣♣~~♣**
♣♣♣♣♣♣.§♣♣♣♣♣♣♣.h..♣.~~..♣* ♣
♣.<** ♣♣♣....~..♣♣ ♣.,,*
♣~{F.....♣ ♣~~,* ♣)....§~~♣ ♣
♣,~~* ♣♣...k§~~.♣ ♣ *,~~*
♣....~..~~♣ ♣ *,~~*
♣♣.†~~~§...♣ ♣♣ *,~,*
♣.~~~.~♣~~.♣ .♣ **~,*
♣♣...~~..~~♣


You could see a lindwurm (summoned, catching breath) and a goliath frog.

Vanquished Creatures
  A deep elf sorcerer (Elf:2)
  A deep elf elementalist (Elf:2)
  An orc warlord (Orc:2)
  5 eleionomae
  A deep elf annihilator (Elf:1)
  3 bunyips
  Azrael (D:15)
  A dire elephant (Lair:5)
  A fire dragon (D:10)
  A shambling mangrove (Swamp:3)
  A great orb of eyes (D:15)
  2 deep elf death magi (Elf:2)
  7 hydras
  4 vault guards (D:13)
  A rakshasa (D:15)
  2 ironbound frosthearts (IceCv)
  A ghost crab (Swamp:3)
  4 catoblepae (Lair:5)
  4 centaur warriors
  7 dancing weapons
  3 boulder beetles
  4 tengu warriors
  8 two-headed ogres
  3 alligators
  An orc high priest (Orc:2)
  10 death yaks
  A sun demon (D:9)
  7 deep elf knights
  3 skeletal warriors
  3 goliath frogs
  A swamp dragon (Swamp:2)
  2 spriggan druids
  3 bog bodies
  A deep troll (D:14)
  16 deep elf archers
  17 deep elf pyromancers
  6 orc knights
  3 oklob plants (Lair:4)
  24 deep elf zephyrmancers
  21 ugly things
  A wolf spider (D:15)
  A mana viper (shapeshifter) (D:15)
  A cyclops (shapeshifter) (D:8)
  4 cyclopes
  5 orc sorcerers
  3 will-o-the-wisps
  A salamander (shapeshifter) (Elf:2)
  A toenail golem (Volcano)
  3 manticores
  3 centaur zombies (D:15)
  A rust devil (D:9)
  13 elephants
  3 black mambas
  An ice statue (IceCv)
  5 gargoyles
  13 cane toads
  2 torpor snails
  2 rime drakes
  An unseen horror (D:13)
  8 komodo dragons
  2 kobold demonologists (D:12)
  A yaktaur (D:13)
  3 tengu conjurers
  2 ice devils (D:13)
  3 red devils (D:9)
  A queen bee (Lair:1)
  A wind drake (shapeshifter) (D:13)
  A harpy zombie (D:15)
  10 polar bears
  7 trolls
  A meliai (D:8)
  A redback zombie (D:15)
  9 blink frogs
  8 slime creatures
  3 hornets
  2 harpy skeletons (Volcano)
  A meliai zombie (D:15)
  5 tyrant leeches
  2 dream sheep (Lair:5)
  A centaur simulacrum (D:10)
  3 flying skulls (Volcano)
  4 spriggans (Swamp:2)
  2 vampires (D:12)
  A shadow (D:13)
  2 wraiths
  A basilisk (shapeshifter) (Elf:2)
  4 wyverns
  75 yaks
  7 fire elementals
  A steam dragon (D:7)
  7 humans (D:13)
  4 basilisks
  2 water elementals
  2 hogs (Swamp:3)
  4 vampire mosquitoes
  2 chaos spawn (D:9)
  14 swamp worms
  2 wargs (Orc:2)
  2 nagas (Lair:3)
  2 acid dragons
  Duvessa (D:6)
  A floating eye (Lair:4)
  13 water moccasins
  4 hell hounds
  An ice beast (D:6)
  2 sky beasts
  3 black bears
  35 orc warriors
  12 ogres
  17 centaurs
  19 wolves (IceCv)
  3 boggarts (D:15)
  A phantom (D:4)
  Blork the orc (D:5)
  4 kobold brigands
  3 necrophages (D:6)
  11 bullfrogs
  3 gnoll sergeants
  3 earth elementals
  3 scorpions
  12 wights
  Dowan (D:6)
  30 killer bees
  2 troll skeletons (Volcano)
  12 howler monkeys
  6 electric eels
  A quasit (D:9)
  6 jellies
  20 orc priests
  6 hounds
  5 iguanas
  A boggart zombie (D:15)
  28 orc wizards
  8 hell rats
  A naga skeleton (Volcano)
  20 gnolls
  2 river rats (D:10)
  5 adders
  A shadow imp (D:6)
  2 white imps
  An ufetubus (D:4)
  6 worms
  2 dart slugs
  89 orcs
  7 ball pythons
  5 bats
  8 endoplasms
  3 giant cockroaches
  6 hobgoblins
  32 kobolds
  5 quokkas
  2 frilled lizards
  12 goblins
  4 rats
  2 bushes (Lair:4)
  2 butterflies
958 creatures vanquished.

Vanquished Creatures (others)
  A deep elf knight (Elf:2)
  A deep elf archer (Elf:2)
  A yak (Lair:4)
  A water elemental (Elf:2)
  A wyvern (Lair:4)
  A human (D:13)
  A quokka (D:15)
  A rat (D:3)
  5 bushes (Lair:5)
  4 demonic plants (D:9)
  12 foxfires
  41 fungi
  100 plants
  3 withered plants (D:15)
173 creatures vanquished.

Grand Total: 1131 creatures vanquished

Notes
Turn   | Place    | Note
-------+----------+-------------------------------------------
     0 | D:1      | purpskrrrp the Minotaur Fighter began the quest for the
                  | Orb.
     0 | D:1      | Reached XP level 1. HP: 19/19 MP: 0/0
   228 | D:1      | Reached XP level 2. HP: 25/27 MP: 1/1
   432 | D:1      | Found a faded altar of an unknown god.
   493 | D:1      | Reached skill level 3 in Axes
  1098 | D:1      | Prayed at the altar of an unknown god.
  1098 | D:1      | Became a worshipper of Cheibriados the Contemplative
  1098 | D:1      | Reached * piety under Cheibriados
  1174 | D:2      | Reached XP level 3. HP: 33/33 MP: 2/2
  1482 | D:2      | Reached skill level 1 in Dodging
  1528 | D:2      | HP: 1/33 [gnoll/+0 halberd (6)]
  1531 | D:2      | Reached XP level 4. HP: 2/40 MP: 3/3
  2076 | D:3      | Found a transporter.
  2099 | D:3      | Reached ** piety under Cheibriados
  2103 | D:3      | Reached skill level 4 in Axes
  2105 | D:3      | Found a shimmering altar of Xom.
  2131 | D:3      | Reached XP level 5. HP: 47/47 MP: 4/4
  2323 | D:3      | Found a transporter.
  2343 | D:3      | Found Pyannev's Distillery.
  2353 | D:3      | Bought a potion of heal wounds for 50 gold pieces
  2762 | D:4      | Noticed a phantom
  2766 | D:4      | Killed a phantom
  2767 | D:4      | Reached XP level 6. HP: 53/53 MP: 5/5
  2857 | D:4      | Reached skill level 5 in Axes
  2874 | D:4      | Reached skill level 5 in Fighting
  2874 | D:4      | Reached skill level 5 in Armour
  2874 | D:4      | Reached skill level 5 in Shields
  3052 | D:4      | Reached *** piety under Cheibriados
  3274 | D:4      | Reached XP level 7. HP: 61/61 MP: 6/6
  3303 | D:4      | Reached skill level 6 in Axes
  3773 | D:5      | Entered Level 5 of the Dungeon
  3794 | D:5      | Noticed Blork the orc
  4127 | D:5      | Reached XP level 8. HP: 70/70 MP: 7/7
  4133 | D:5      | Reached skill level 7 in Axes
  4141 | D:5      | Found Giax's Armour Emporium.
  4577 | D:5      | Killed Blork the orc
  4610 | D:6      | Found a shadowy altar of Dithmenos.
  4643 | D:6      | Found a staircase to the Ecumenical Temple.
  4680 | D:6      | Reached **** piety under Cheibriados
  4996 | D:6      | Reached skill level 8 in Axes
  5009 | D:6      | Noticed Dowan
  5014 | D:6      | Noticed Duvessa
  5281 | D:6      | Reached XP level 9. HP: 68/78 MP: 8/8
  5288 | D:6      | Killed Duvessa
  5289 | D:6      | Reached skill level 5 in Dodging
  5306 | D:6      | Killed Dowan
  5470 | D:6      | Reached skill level 9 in Axes
  5549 | D:6      | Identified the +8 chain mail of Winter {Int+4}
  5734 | D:6      | Identified a scroll of acquirement
  5734 | D:6      | Acquired the ring of Departure {Fly rElec rC+ SInv}
  5852 | D:7      | Reached ***** piety under Cheibriados
  5990 | D:7      | Reached skill level 1 in Invocations
  6156 | D:7      | Found a hide-covered altar of Uskayaw.
  6707 | D:8      | Reached skill level 10 in Axes
  7055 | D:8      | Reached XP level 10. HP: 88/88 MP: 11/11
  7120 | D:8      | Noticed a two-headed ogre
  7124 | D:8      | Noticed a cyclops
  7134 | D:8      | Killed a cyclops
  7135 | D:8      | Reached skill level 11 in Axes
  7135 | D:8      | Noticed a tengu warrior
  7137 | D:8      | Killed a two-headed ogre
  7142 | D:8      | Killed a tengu warrior
  7336 | D:8      | Identified the +1 long sword "Mitir" {drain, Dex+4}
  7337 | D:8      | Got the Catalogue of the Violent Mountains
  7337 | D:8      | Got the Tractate on Mortuary Beckoning
  7362 | D:8      | Noticed a two-headed ogre
  7365 | D:8      | Killed a two-headed ogre
  7707 | D:8      | Found a runed translucent door.
  7707 | D:8      | Found a runed translucent door.
  7707 | D:8      | Noticed a manticore
  7707 | D:8      | Noticed a centaur warrior
  7736 | D:8      | Reached ****** piety under Cheibriados
  7760 | D:8      | Found a blossoming altar of Fedhas.
  8125 | D:9      | Reached skill level 12 in Axes
  8127 | D:9      | Noticed a sun demon
  8134 | D:9      | Killed a sun demon
  8182 | D:9      | Reached skill level 5 in Invocations
  8182 | D:9      | Reached XP level 11. HP: 88/97 MP: 13/13
  8879 | D:9      | Reached skill level 13 in Axes
  9000 | D:9      | Noticed a two-headed ogre
  9006 | D:9      | Noticed a two-headed ogre
  9014 | D:9      | Killed a two-headed ogre
  9015 | D:9      | Reached skill level 10 in Fighting
  9015 | D:9      | Reached skill level 10 in Armour
  9017 | D:9      | Killed a two-headed ogre
  9175 | D:9      | Identified the +9 war axe "Nesic" {vorpal, Contam Drain
                  | rElec rPois}
  9367 | D:9      | Found a staircase to the Orcish Mines.
  9652 | D:10     | Entered Level 10 of the Dungeon
  9767 | D:10     | Noticed a death yak
  9768 | D:10     | Noticed a death yak
  9769 | D:10     | Noticed a death yak
  9776 | D:10     | Killed a death yak
  9777 | D:10     | Killed a death yak
  9778 | D:10     | Reached skill level 14 in Axes
  9778 | D:10     | Killed a death yak
 10070 | D:10     | Found a large runed translucent door.
 10070 | D:10     | Noticed a six-headed hydra
 10071 | D:10     | Found a large runed translucent door.
 10078 | D:10     | Found a large runed translucent door.
 10078 | D:10     | Found a large runed translucent door.
 10164 | D:10     | Found a staircase to the Lair.
 10191 | D:10     | Identified the ring of the Mashing Gods {Dex+4 SInv}
 10313 | D:10     | Noticed a two-headed ogre
 10319 | D:10     | Killed a two-headed ogre
 10320 | D:10     | Reached XP level 12. HP: 100/108 MP: 16/16
 10352 | D:10     | Noticed a fire dragon
 10366 | D:10     | Killed a fire dragon
 11146 | D:11     | Noticed a two-headed ogre
 11149 | D:11     | Killed a two-headed ogre
 11177 | D:11     | Noticed a two-headed ogre
 11185 | D:11     | Killed a two-headed ogre
 11186 | D:11     | Reached skill level 15 in Axes
 11869 | D:11     | You are sucked into a shaft and drop 1 floor!
 12878 | D:13     | Reached skill level 16 in Axes
 12883 | D:13     | Found a frozen archway.
 12899 | IceCv    | Entered an ice cave
 12954 | IceCv    | Reached XP level 13. HP: 111/118 MP: 18/18
 13342 | IceCv    | Reached skill level 17 in Axes
 13815 | D:13     | Found a runed translucent door.
 13822 | D:13     | Noticed a war gargoyle
 13823 | D:13     | Noticed an ettin
 14919 | D:13     | Found a gate to the Vaults.
 14928 | D:13     | Identified the +5 kite shield of Exclusion {Fly rCorr}
 15323 | D:14     | Found a runed translucent door.
 15470 | D:14     | Reached XP level 14. HP: 129/129 MP: 20/20
 15475 | D:14     | Reached skill level 18 in Axes
 15971 | D:14     | Noticed baller8008's ghost (journeyman HOMo)
 16002 | D:15     | Entered Level 15 of the Dungeon
 16092 | D:15     | Reached skill level 10 in Invocations
 16147 | D:15     | Found Tibragua's Assorted Antiques.
 16358 | D:15     | Found a white marble altar of Elyvilon.
 16405 | D:15     | Noticed Azrael
 16415 | D:15     | Killed Azrael
 16477 | D:15     | Found Telugu's General Store.
 16507 | D:15     | Bought a scroll of enchant armour for 82 gold pieces
 16575 | D:15     | Found Figuemm's Magic Scroll Emporium.
 16771 | D:15     | Reached skill level 19 in Axes
 16781 | D:15     | Found a staircase to the Depths.
 17137 | Lair:1   | Entered Level 1 of the Lair of Beasts
 17172 | Lair:1   | Identified the ring "Boeggawu" {Fire rPois Str-3 Int+2}
 17679 | Lair:2   | Found a staircase to the Swamp.
 18275 | Lair:3   | Found a staircase to the Snake Pit.
 18364 | Lair:3   | Reached XP level 15. HP: 139/139 MP: 22/22
 18758 | Lair:3   | Identified the +4 mace of the Vaults {vorpal, *Noise rElec
                  | rF+ rN+++}
 19478 | Lair:4   | Identified the +4 ring mail of the Black Moon {*Corrode
                  | Str+6}
 19578 | Lair:4   | Reached skill level 20 in Axes
 19646 | Lair:4   | Found a staircase to the Slime Pits.
 19650 | Lair:4   | Paralysed by a floating eye for 4 turns
 19770 | Lair:4   | Reached skill level 15 in Fighting
 19770 | Lair:4   | Reached skill level 10 in Shields
 20576 | Lair:5   | Entered Level 5 of the Lair of Beasts
 21555 | Orc:1    | Entered Level 1 of the Orcish Mines
 21569 | Orc:1    | Found Peamusho's Gadget Gallery.
 21576 | Orc:1    | Found Buskadis's Specific Store.
 21576 | Orc:1    | Found Mor Neyg's General Store.
 21589 | Orc:1    | Bought a potion of curing for 48 gold pieces
 21799 | Orc:2    | Entered Level 2 of the Orcish Mines
 21851 | Orc:2    | Found a dark tunnel.
 21866 | Volcano  | Entered a volcano
 22264 | Orc:2    | Found Buiplefa's Assorted Antiques.
 22273 | Orc:2    | Bought a scroll of enchant armour for 277 gold pieces
 22387 | Orc:2    | Paralysed by an orc sorcerer for 2 turns
 22391 | Orc:2    | Reached skill level 21 in Axes
 22393 | Orc:2    | Paralysed by an orc sorcerer for 3 turns
 22556 | Orc:2    | Found Anailuon's Jewellery Emporium.
 22561 | Orc:2    | Reached XP level 16. HP: 149/151 MP: 10/24
 22562 | Orc:2    | Found Qopan's Antique Weapon Emporium.
 22609 | Orc:2    | Found Acsug's General Store.
 22710 | Orc:2    | Found Wygierph's Antique Armour Emporium.
 22744 | Orc:2    | Bought a pair of steaming boots for 275 gold pieces
 22744 | Orc:2    | Identified the +1 pair of boots of Miracles {rF+ rC+ Dex+2}
                  | (You bought it in a shop on level 2 of the Orcish Mines)
 22782 | Orc:2    | Bought a potion of heal wounds for 65 gold pieces
 23084 | Orc:2    | Found a staircase to the Elven Halls.
 23241 | Elf:1    | Entered Level 1 of the Elven Halls
 23626 | Elf:1    | Got Cerebov's Precepts of Damage Dealing
 23669 | Elf:1    | Found Maoril's Book Emporium.
 24160 | Elf:1    | Found Xinga's Jewellery Boutique.
 24160 | Elf:1    | Found Uteutt's Book Shoppe.
 24162 | Elf:1    | Found Owofi's Book Shoppe.
 24458 | Elf:2    | Reached skill level 22 in Axes
 24471 | Elf:2    | Found Denyrr's Assorted Antiques.
 24486 | Elf:2    | Found Cexul's Weapon Boutique.
 24537 | Elf:2    | Found Ischots's Jewellery Shop.
 24580 | Elf:2    | Found a flickering gateway to a bazaar.
 24600 | Bazaar   | Entered a bazaar
 24600 | Bazaar   | Found Wobluran's Antique Weapon Shop.
 24600 | Bazaar   | Found Ginliodgh's General Store.
 24688 | Bazaar   | Found Fiap's Antique Armour Shop.
 24731 | Bazaar   | Bought a potion of curing for 45 gold pieces
 24731 | Bazaar   | Bought a potion of mutation for 120 gold pieces
 24747 | Bazaar   | Gained mutation: Your magical capacity is low. (-10% MP)
                  | [potion of mutation]
 24747 | Bazaar   | Gained mutation: You are weak. (Str -2) [potion of
                  | mutation]
 24748 | Bazaar   | Lost mutation: Your magical capacity is low. (-10% MP)
                  | [potion of mutation]
 24748 | Bazaar   | Lost mutation: You are weak. (Str -2) [potion of mutation]
 24748 | Bazaar   | Gained mutation: Your spells are a little harder to cast,
                  | but a little more powerful. [potion of mutation]
 24748 | Bazaar   | Gained mutation: You have sharp toenails. [potion of
                  | mutation]
 24772 | Elf:2    | Found Zerug's Assorted Antiques.
 24787 | Elf:2    | Bought a potion of heal wounds for 130 gold pieces
 24787 | Elf:2    | Bought a diamond ring for 130 gold pieces
 24810 | Elf:2    | Paralysed by an orc sorcerer for 5 turns
 25093 | Elf:2    | Found a runed translucent gate.
 25093 | Elf:2    | Found a runed translucent gate.
 25093 | Elf:2    | Found a runed translucent gate.
 25571 | Swamp:1  | Entered Level 1 of the Swamp
 25836 | Elf:2    | Bought the brooch of Shielding {Spirit SH+8} for 1040 gold
                  | pieces
 25836 | Elf:2    | Found the brooch of Shielding {Spirit SH+8}
 26708 | Swamp:2  | Reached XP level 17. HP: 152/160 MP: 21/25
 26956 | Swamp:2  | Found the +4 Cigotuvi's embrace {rMiasma Drain rN+}
 27706 | Swamp:2  | You are sucked into a shaft and drop 1 floor!
 27727 | Swamp:3  | Reached skill level 23 in Axes
 28163 | Swamp:3  | Noticed Kirke
 28184 | Swamp:3  | HP: 5/161 [acid (10)]
 28186 | Swamp:3  | Killed from afar by a lindwurm

Illustrated notes

Levels and vault maps discovered:
D:1:      dpeg_arrival_boxorama, layout_loops_ring, basic_ecumenical_altar
D:2:      layout_loops_ring
D:3:      gammafunk_steamed_eel, layout_loops_cross, dk_xom_monty_hall,
          serial_shops, nicolae_shop_statue_plus, serial_bayou_pond_d,
          dreamdust_mushroom_princess, skrybe_limestone_x, nicolae_wormholes
D:4:      wander_river, layout_gridville, minmay_fractal_squares_5
D:5:      layout_cave_pools, serial_shops, shop, minmay_manual_mess,
          uniq_blork_the_orc
D:6:      layout_loops_cross, grunt_dithmenos_smoke,
          minmay_temple_entry_butterflies, minmay_fractal_squares_diagonal_5,
          uniq_duvessa
D:7:      nicolae_cairo_tiling_very_big, layout_basic,
          mainiacjoe_overflow_six_doors_small
D:8:      minmay_the_grid_four_pointed_star
          [minmay_the_grid_triangle_9x9_tough_junction,
          minmay_the_grid_triangle_9x9_zippers_vertical,
          minmay_the_grid_triangle_9x9_steps,
          minmay_the_grid_triangle_9x9_longest,
          minmay_the_grid_prize_shrinking_boxes], layout_loops_cross,
          fedhas_altar_2, special_room [special_room_orc]
D:9:      layout_cave_pods, erik_orc_2, serial_demonic, serial_demonic_e,
          serial_demonic_b, serial_demonic_d, serial_demonic_g, serial_demonic_d
D:10:     layout_basic, dpeg_lair_monsters, minmay_hollow_rounded_squares
D:11:     layout_layer_cave
D:12:     layout_rooms
D:13:     layout_loops_corners, ximxim_vaults_locker_room,
          portal_ice_cave_demonic_guard, minmay_hidden_floor
D:14:     layout_long_grid, ebering_ghost_reflecting_pool,
          small_chamber_with_monster
D:15:     gammafunk_enter_depths_forms, layout_long_grid, serial_shops, shop,
          shop_statue, shop_fountains, nrook_mini_backslash, serial_undead,
          serial_undead_e, serial_undead_e, serial_undead_f, serial_undead_c,
          elyvilon_altar_4, uniq_azrael
Lair:1:   layout_misc_corridors, special_room [special_room_bee]
Lair:2:   layout_regular_city, minmay_swamp_entry_eels, grunt_megastairs_3,
          lemuel_fruit_fields
Lair:3:   layout_small_grid, guppyfry_snake_entry_island
Lair:4:   layout_regular_city, nicolae_slime_entry_slimehenge, disabler_island,
          grunt_megastairs_2
Lair:5:   hangedman_lair_in_review, layout_cave_shapes,
          nicolae_lair_grazing_beasts [nicolae_sub_lair_graze_edge,
          nicolae_sub_lair_graze_edge, nicolae_sub_lair_graze_edge,
          nicolae_sub_lair_graze_edge]
Swamp:1:  layout_falls_marsh, hangedman_swamp_lotus
Swamp:2:  layout_falls_marsh, evilmike_swamp_ruin_house_2, swamp_pool2,
          nicolae_swamp_hydra_murder_den
Swamp:3:  layout_falls_marsh, evilmike_swamp_ruin_rubble_2, swamp_pool1,
          uniq_kirke
Orc:1:    layout_diamond_mine, basic_altar, nicolae_specific_store,
          nicolae_shop_gadgets
Orc:2:    grunt_orc_cross, layout_caves, enter_volcano_3, serial_shops, shop,
          nicolae_orc_lava_room
Elf:1:    layout_geoelf_diagonals, serial_shops, shop, minmay_elf_annihilation,
          minmay_shop_grove
Elf:2:    nicolae_elf_blades_splatter_lattice
          [nicolae_blade_entry_floor_patterns], layout_geoelf_octagon,
          serial_shops, bzr_entry_customers, shop, shop, shop_statue,
          nicolae_shop_statue_plus

Skill      XL: |  1  2  3  4  5  6  7  8  9 10 11 12 13 14 15 16 17 |
---------------+----------------------------------------------------+-----
Axes           | 3 4 5 6 8 10 12 14 16 17 19 21 22 23 | 23.1
Armour         | 4 5 6 8 9 10 12 13 | 13.3
Fighting       | 4 5 6 8 9 10 12 13 14 15 16 17 | 17.2
Dodging        | 1 2 3 4 5 |  5.2
Shields        | 4 5 6 7 9 11 12 13 | 13.4
Invocations    | 3 5 6 8 9 10 12 13 | 13.5
Maces & Flails | 2 |  2.8

Action                   |  1- 3 |  4- 6 |  7- 9 | 10-12 | 13-15 | 16-18 || total
-------------------------+-------+-------+-------+-------+-------+-------++-------
Melee: War axe           |    26 |       |       |       |       |       ||    26
       Headbutt          |    12 |    12 |    34 |    64 |   223 |    87 ||   432
       Broad axe         |    34 |    76 |   208 |   281 |   776 |   353 ||  1728
       Morningstar       |       |       |       |    17 |       |       ||    17
       Unarmed           |       |       |       |       |       |     9 ||     9
Throw: Boomerang         |    21 |    77 |    31 |       |       |       ||   129
       Throwing net      |       |       |       |     1 |       |       ||     1
Invok: Bend Time         |       |       |     1 |       |       |       ||     1
Evoke: Wand              |       |       |       |       |    15 |       ||    15
  Use: Scroll            |       |     9 |    16 |    10 |    12 |     7 ||    54
       Potion            |       |       |     2 |     5 |       |     5 ||    12
 Stab: Distracted        |       |       |       |     3 |    38 |    11 ||    52
       Petrified         |       |       |       |       |     1 |       ||     1
Armor: Scale mail        |    29 |    33 |    51 |       |       |       ||   113
       Chain mail        |       |       |    58 |   133 |   237 |   132 ||   560
Dodge: Dodged            |    39 |    37 |   132 |   145 |   289 |   175 ||   817
Block: Buckler           |    17 |    15 |    79 |    50 |       |       ||   161
       Kite shield       |       |       |       |   153 |   592 |   348 ||  1093
       Other             |       |       |       |       |       |     5 ||     5

Table legend: (Time is in decaauts)
 A = Elapsed time spent in this place.
 B = Non-inter-level travel time spent in this place.
 C = Inter-level travel time spent in this place.
 D = Time resting spent in this place.
 E = Time spent auto-exploring this place.
 F = Levels seen in this place.
 G = Mean time per level.
                   A        B        C        D        E       F      G
               +--------+--------+--------+--------+--------+-----+--------+
         Total |  45216 |  40842 |   4374 |   2814 |  30995 |  30 | 1507.2 |
       Dungeon |  25716 |  23023 |   2693 |   1888 |  17630 |  15 | 1714.4 |
          Lair |   8058 |   7450 |    608 |    230 |   6159 |   5 | 1611.6 |
         Swamp |   3347 |   3059 |    288 |    331 |   2293 |   3 | 1115.7 |
  Orcish Mines |   2492 |   2199 |    293 |     74 |   1701 |   2 | 1246.0 |
   Elven Halls |   3543 |   3052 |    491 |     68 |   2240 |   2 | 1771.5 |
        Bazaar |    232 |    232 |      0 |      0 |    161 |   1 |  232.0 |
      Ice Cave |   1298 |   1298 |      0 |    223 |    658 |   1 | 1298.0 |
       Volcano |    525 |    525 |      0 |      0 |    153 |   1 |  525.0 |
               +--------+--------+--------+--------+--------+-----+--------+

Top non-repeatable levels by time:
    D:13: 2747 daAuts
     D:8: 2619 daAuts
     D:9: 2567 daAuts
    D:11: 2450 daAuts
  Lair:3: 2220 daAuts
    D:10: 2203 daAuts
  Lair:4: 2118 daAuts
   Orc:2: 2010 daAuts
   Elf:1: 1927 daAuts
     D:6: 1785 daAuts
     D:4: 1750 daAuts
    D:15: 1731 daAuts
   Elf:2: 1616 daAuts
  Lair:5: 1414 daAuts
    D:14: 1391 daAuts
